 Dungeon Crawl Stone Soup version 0.30-a0-341-g682706514a (webtiles) character file.

Game seed: 13025796412341250914

11 Muataran the Trooper (level 2, -5/27 HPs)
             Began as a Hill Orc Fighter on Nov 1, 2022.
             Slain by a gnoll
             ... wielding a +0 spear
              (6 damage)
             ... on level 2 of the Dungeon.
             The game lasted 00:00:42 (808 turns).

Muataran the Trooper (Hill Orc Fighter)              Turns: 808, Time: 00:00:42

Health: -5/27      AC:  6    Str: 18    XL:     2   Next: 29%
Magic:  2/2        EV:  9    Int:  8    God:
Gold:   44         SH:  4    Dex: 10    Spells: 1/1 levels left

rFire   . . .      SeeInvis .    a - +0 war axe
rCold   . . .      Faith    .    c - +0 buckler
rNeg    . . .      Spirit   .    b - +0 scale mail
rPois   .          Reflect  .    (no helmet)
rElec   .          Harm     .    (no cloak)
rCorr   .          Rampage  .    (no gloves)
Will    .....                    (no boots)
Stlth   ..........               (no amulet)
HPRegen 0.24/turn                (no ring)
MPRegen 0.08/turn                (no ring)

@: mighty
A: no striking features
a: no special abilities


You were on level 2 of the Dungeon.
You visited 1 branch of the dungeon, and saw 2 of its levels.

You collected 44 gold pieces.

Inventory:

Hand Weapons
 a - a +0 war axe (weapon)
Armour
 b - a +0 scale mail (worn)
 c - a +0 buckler (worn)
Scrolls
 f - a scroll of immolation {unknown}
 g - a scroll of acquirement {unknown}
 h - a scroll of teleportation {unknown}
 j - a scroll of amnesia {unknown}
Potions
 e - 2 potions of curing {unknown}
 i - a potion of flight {unknown}


   Skills:
 + Level 3.8 Fighting
 * Level 3.1 Axes
 + Level 3.4 Armour
 * Level 3.6 Shields


You had one spell level left.
You didn't know any spells.
Your spell library was empty.

Dungeon Overview and Level Annotations

Branches:
Dungeon (2/15)

Altars:


Message History

You hit the rat.
You kill the rat!
No target in view!
HP restored.
e - 2 smoky grey potions (gained 1)
You see here a rat corpse.
You now have 38 gold pieces (gained 2).
You now have 44 gold pieces (gained 6).
Found a ring mail.
A goblin comes into view. It is wielding a +0 club.
The goblin shouts!
A goblin is nearby!
A goblin is nearby!
You barely miss the goblin.
The goblin hits you but does no damage. x2
You miss the goblin. The goblin hits you but does no damage.
You barely miss the goblin. You block the goblin's attack.
You hit the goblin.
The goblin is severely wounded.
The goblin closely misses you. You block the goblin's attack.
You slash the goblin!
You kill the goblin!
No target in view!
No target in view!
A bat and 3 gnolls come into view.
The gnoll shouts! x3
The bat moves out of view.
There are monsters nearby!
There are monsters nearby!
You closely miss the gnoll. The gnoll hits you with a +0 flail.
The gnoll hits you with a +0 flail!
You barely miss the gnoll.
A worm comes into view.
The gnoll hits you with a +0 flail!
* * * LOW HITPOINT WARNING * * *
Unknown command.
You feel very mighty all of a sudden. You block the bat's attack.
The gnoll hits you with a +0 flail!
* * * LOW HITPOINT WARNING * * *
The gnoll hits you from afar with a +0 spear.
You die...

.# .# .# # .. .#.#
..w#####.#.#
#....g.....###.
#..ggb.......
..#.########@.......
#[...............###
#...#####..........#
#......##..........#
#......##..........#
##......##..........#
........##...........
#..................#
#......#.###.###.#.#


You could see a worm, 3 gnolls and a bat.

Vanquished Creatures
  A ball python (D:1)
  An endoplasm (D:1)
  3 goblins
  A hobgoblin (D:1)
  A kobold (D:1)
  A frilled lizard (D:2)
  A rat (D:2)
  A spectral hobgoblin (D:2)
10 creatures vanquished.

Notes
Turn   | Place    | Note
-------+----------+-------------------------------------------
     0 | D:1      | Muataran the Hill Orc Fighter began the quest for the Orb.
     0 | D:1      | Reached XP level 1. HP: 19/19 MP: 1/1
   453 | D:1      | Reached XP level 2. HP: 27/27 MP: 2/2
   724 | D:2      | Found a faded altar of an unknown god.
   808 | D:2      | HP: 1/27 [gnoll/+0 flail (7)]
   808 | D:2      | Slain by a gnoll

Illustrated notes

Levels and vault maps discovered:
D:1:      eino_arrival_druids_welcome, layout_basic, minmay_tree_intersection
D:2:      layout_basic, dreamdust_ecumenical_altar_drowned_temple,
          minmay_tromino_i4

Skill      XL: |  1 |
---------------+----+-----
Axes           | 3 |  3.1
Fighting       | |  3.8
Armour         | |  3.4
Shields        | |  3.6

Action                   || total
-------------------------++-------
Melee: War axe           ||    16
  Use: Potion            ||     1
Armor: Scale mail        ||     7
Dodge: Dodged            ||     3
Block: Buckler           ||     4

Table legend: (Time is in decaauts)
 A = Elapsed time spent in this place.
 B = Non-inter-level travel time spent in this place.
 C = Inter-level travel time spent in this place.
 D = Time resting spent in this place.
 E = Time spent auto-exploring this place.
 F = Levels seen in this place.
 G = Mean time per level.
                   A        B        C        D        E       F      G
               +--------+--------+--------+--------+--------+-----+--------+
         Total |    816 |    785 |     31 |      0 |    725 |   2 |  408.0 |
       Dungeon |    816 |    785 |     31 |      0 |    725 |   2 |  408.0 |
               +--------+--------+--------+--------+--------+-----+--------+

Top non-repeatable levels by time:
     D:1: 663 daAuts
     D:2: 153 daAuts
